 Dungeon Crawl Stone Soup version 0.17-a0-1748-g222fba8 (webtiles) character file.

32795 shakdrar the Covert (level 13, -9/67 HPs)
             Began as a Vine Stalker Monk on Sept 1, 2015.
             Was a High Priest of Dithmenos.
             Mangled by an eight-headed hydra (11 damage)
             ... on level 6 of the Lair of Beasts.
             The game lasted 01:19:50 (14431 turns).

shakdrar the Covert (Vine Stalker Monk)            Turns: 14431, Time: 01:19:51

Health: -9/67      AC:  7    Str: 22    XL:     13   Next: 66%
Magic:  0/19       EV: 23    Int: 10    God:    Dithmenos [*****.]
Gold:   903        SH: 10    Dex: 25    Spells: 0 memorised, 12 levels left

rFire  . . .     SeeInvis .       - Unarmed
rCold  . . .     Clarity  .     K - +0 robe {MR+}
rNeg   . . .     SustAt   .     M - +3 buckler "Mirov" {*Corrode +Blink rCorr Dex+3}
rPois  .         Gourm    .     F - +2 hat
rElec  .         Spirit   +     h - +1 cloak {MR+}
rCorr  +         Warding  .     L - +0 pair of gloves
rMut   .         Stasis   .     (no boots)
MR     +++..                    (no amulet)
Stlth  +++++++++.               e - +5 ring of strength
                                c - +3 ring of strength

@: wreathed by umbra, extremely resistant to hostile enchantments, incredibly
stealthy
A: fangs 3, regeneration 3, magic shield, antimagic bite, no device heal 3, rot
immunity
a: Shadow Step, Shadow Form, Renounce Religion, Evoke Blink


You were on level 6 of the Lair of Beasts.
You worshipped Dithmenos.
Dithmenos was extremely pleased with you.
You were not hungry.

You visited 3 branches of the dungeon, and saw 18 of its levels.

You collected 1011 gold pieces.
You spent 108 gold pieces at shops.

Inventory:

Hand weapons
 m - a +4 blowgun
Missiles
 j - 84 poisoned needles
 o - 7 needles of sleeping
 y - 3 curare-tipped needles
Armour
 h - a +1 cloak of magic resistance (worn)
 z - a +1 buckler
 F - a +2 hat (worn)
 K - a +0 robe of magic resistance (worn)
 L - a +0 pair of gloves (worn)
 M - the +3 buckler "Mirov" (worn) {*Corrode +Blink rCorr Dex+3}
   (You found it on level 11 of the Dungeon)

   It affects your dexterity (+3).
   It lets you blink.
   It protects you from acid and corrosion.
   It may corrode your equipment when you take damage.
Jewellery
 c - a +3 ring of strength (left hand)
 e - a +5 ring of strength (right hand)
 k - an uncursed ring of flight
 O - an uncursed ring of fire
 R - an uncursed ring of protection from cold
 S - a cursed ring of teleportation
Magical devices
 b - a wand of disintegration (0)
 q - a wand of digging (16)
 u - a wand of paralysis (10)
 v - a wand of lightning (0)
 C - a wand of draining (0)
 G - a wand of invisibility (3)
 H - a wand of draining (0)
 I - a wand of paralysis (6)
 T - a wand of cold (0)
Scrolls
 f - 2 scrolls of enchant weapon
 g - 3 scrolls of amnesia
 n - 2 scrolls of recharging
 r - 4 scrolls of teleportation
 s - 5 scrolls of remove curse
 t - 2 scrolls of magic mapping
 A - 8 scrolls of identify
 D - 3 scrolls of fog
Potions
 a - a potion of flight
 d - 2 potions of mutation
 l - 3 potions of resistance
 p - 3 potions of might
 N - a potion of curing
 Q - 6 potions of haste
Books
 J - a book of Debilitation

   Spells                             Type                      Level
   a - Corona                         Hexes                        1
   b - Slow                           Hexes                        2
   c - Gell's Gravitas                Hexes/Translocation          3
   d - Inner Flame                    Hexes/Fire                   3
   e - Cause Fear                     Hexes                        4
   f - Leda's Liquefaction            Hexes/Earth                  4
Comestibles
 i - 15 fruits
 w - 5 bread rations
 B - 6 meat rations


   Skills:
 + Level 7.3 Fighting
 - Level 6.1 Throwing
 + Level 0.2 Armour
 + Level 9.9 Dodging
 + Level 11.2 Stealth
 - Level 6.0 Shields
 + Level 10.6 Unarmed Combat
 - Level 6.0 Invocations
 - Level 7.0 Evocations


You had 12 spell levels left.
You didn't know any spells.

Dungeon Overview and Level Annotations

Branches:
Dungeon (11/15)            Temple (1/1) D:6            Lair (6/8) D:8
  Swamp (0/4) Lair:5       Spider (0/4) Lair:5          Orc (0/4) D:11
  Slime: Lair:6-8

Altars:
Ashenzari
Cheibriados
Dithmenos
Fedhas
Gozag
Kikubaaqudgha
Makhleb
Nemelex Xobeh
Qazlal
Ru
Trog
Vehumet
Xom
Yredelemnul
The Shining One

Shops:
D:10 }   D:11 [

Annotations:
Lair:5 exclusion: oklob plant


Innate Abilities, Weirdness & Mutations

You have razor-sharp teeth.
You regenerate.
When hurt, damage is shared between your health and your magic reserves.
Your bite disrupts and absorbs the magic of your enemies.
Potions and wands cannot restore your health.
You are immune to rotting.


Message History

The eight-headed hydra bites you!
You block the eight-headed hydra's attack. x2
The eight-headed hydra misses you.
You block the eight-headed hydra's attack.
The eight-headed hydra completely misses you.
The eight-headed hydra misses you. The eight-headed hydra bites you!
You barely miss the eight-headed hydra.
You bite the eight-headed hydra, but do no damage.
The eight-headed hydra is severely wounded.
Your shadow barely misses the eight-headed hydra.
The eight-headed hydra bites you!
* * * LOW HITPOINT WARNING * * *
You block the eight-headed hydra's attack.
The eight-headed hydra misses you. x2
The eight-headed hydra bites you.
* * * LOW HITPOINT WARNING * * *
The eight-headed hydra bites you!
* * * LOW HITPOINT WARNING * * *
The eight-headed hydra bites you!
You die...

...(..### ....#..#
......P# .(....#
.(...# #(...# #D..P#
##@.## #....# ##..##
#.. ##..## #P..
######....### #...
#..P#......P#
#..###............#
##..........#.#...##
#.#..........###...#


You could see an eight-headed hydra.

Vanquished Creatures
  Gastronok (Lair:1)
  Kirke (Lair:6)
  Josephine (D:11)
  5 hydras
  Nergalle (D:11)
  An unseen horror (D:10)
  An ugly thing (D:8)
  2 hill giants (D:11)
  11 elephants
  3 spiny frogs
  7 komodo dragons
  4 trolls
  9 blink frogs
  4 wraiths (D:11)
  15 yaks
  4 vampire mosquitoes (Lair:5)
  2 wyverns
  2 basilisks
  8 hippogriffs
  A steam dragon (D:11)
  4 water moccasins
  The ghost of KambridgeKobold the Ducker, an average SpWr (D:5)
  A phantom (D:7)
  Duvessa (D:6)
  5 orc warriors
  4 wolves (Lair:2)
  5 porcupines
  6 ice beasts
  3 sky beasts
  6 crocodiles
  5 centaurs
  7 ogres
  6 big kobolds
  13 giant frogs
  A gnoll sergeant (D:11)
  A wyvern skeleton (D:8)
  6 scorpions
  Dowan (D:6)
  An electric eel (Lair:5)
  3 killer bees (D:10)
  A centaur zombie (D:6)
  A giant frog zombie (D:6)
  5 crimson imps
  6 hounds
  2 jellies (D:10)
  Crazy Yiuf (D:2)
  2 quasits
  2 giant frog skeletons
  6 iguanas
  11 worker ants
  5 orc priests
  Jessica (D:2)
  A centaur skeleton (D:7)
  10 orc wizards
  16 sheep
  2 hound zombies
  2 hound skeletons
  40 river rats
  2 worker ant zombies
  9 adders
  8 gnolls
  2 shadow imps
  2 adder skeletons
  5 worms
  6 giant geckos
  33 orcs
  2 bats (D:2)
  6 giant cockroaches
  9 goblins
  7 hobgoblins
  12 jackals
  2 quokkas
  4 ball pythons
  A giant gecko skeleton (D:5)
  6 giant newts
  37 kobolds
  5 rats
435 creatures vanquished.

Vanquished Creatures (collateral kills)
  2 hill giants (D:10)
  A deep elf mage (D:10)
3 creatures vanquished.

Vanquished Creatures (others)
  A crocodile (Lair:6)
  4 fungi
5 creatures vanquished.

Grand Total: 443 creatures vanquished

Notes
Turn   | Place    | Note
--------------------------------------------------------------
     0 | D:1      | shakdrar the Vine Stalker Monk began the quest for the Orb.
     0 | D:1      | Reached XP level 1. HP: 11/11 MP: 2/2
   195 | D:1      | Reached XP level 2. HP: 14/16 MP: 3/3
   782 | D:2      | Reached XP level 3. HP: 17/19 MP: 4/4
   919 | D:2      | Found a faded altar to an unknown god.
   957 | D:2      | Noticed Jessica
   974 | D:2      | Killed Jessica
   976 | D:2      | Reached XP level 4. HP: 18/24 MP: 5/5
  1346 | D:2      | Noticed Crazy Yiuf
  1354 | D:2      | Killed Crazy Yiuf
  1572 | D:3      | Reached XP level 5. HP: 22/28 MP: 4/6
  1645 | D:3      | Found a basalt altar of Yredelemnul.
  2268 | D:4      | Reached skill level 5 in Unarmed Combat
  2326 | D:4      | Gained mutation: You heal very quickly. [Vine Stalker growth]
  2326 | D:4      | Reached XP level 6. HP: 10/32 MP: 7/7
  2693 | D:5      | Entered Level 5 of the Dungeon
  2731 | D:5      | Reached XP level 7. HP: 37/37 MP: 8/8
  2747 | D:5      | Noticed KambridgeKobold's ghost (average SpWr)
  2776 | D:5      | Reached skill level 5 in Stealth
  2831 | D:5      | Killed KambridgeKobold's ghost
  3088 | D:5      | Reached skill level 6 in Unarmed Combat
  3261 | D:5      | Gained mutation: You have razor-sharp teeth. [Vine Stalker growth]
  3261 | D:5      | Reached XP level 8. HP: 34/42 MP: 9/9
  3540 | D:6      | Reached skill level 5 in Dodging
  3855 | D:6      | Noticed Dowan
  3856 | D:6      | Noticed Duvessa
  3862 | D:6      | Killed Dowan
  3873 | D:6      | Killed Duvessa
  4260 | D:6      | Reached skill level 7 in Stealth
  4406 | D:6      | Reached XP level 9. HP: 30/46 MP: 8/10
  4437 | D:6      | Found a staircase to the Ecumenical Temple.
  4446 | Temple   | Entered the Ecumenical Temple
  4672 | Temple   | Became a worshipper of Dithmenos the Shadowed
  4672 | Temple   | Acquired Dithmenos's first power
  4788 | D:6      | Found a radiant altar of Vehumet.
  5680 | D:7      | Reached skill level 5 in Fighting
  5680 | D:7      | Reached skill level 8 in Stealth
  5937 | D:7      | Acquired Dithmenos's second power
  6074 | D:8      | Reached XP level 10. HP: 39/53 MP: 8/11
  6354 | D:8      | Found a staircase to the Lair.
  6355 | D:8      | Noticed an elephant
  6641 | D:8      | Reached skill level 9 in Stealth
  6656 | D:8      | Killed an elephant
  6730 | D:8      | Noticed a purple ugly thing
  6750 | D:8      | Killed a purple ugly thing
  7110 | D:9      | Reached XP level 11. HP: 58/58 MP: 12/12
  7429 | D:9      | Found a bloodstained altar of Trog.
  7454 | D:10     | Entered Level 10 of the Dungeon
  7554 | D:10     | Noticed a hill giant
  7557 | D:10     | Noticed a hill giant
  7563 | D:10     | Killed a hill giant
  7563 | D:10     | Reached skill level 10 in Stealth
  7567 | D:10     | Killed a hill giant
  7610 | D:10     | Acquired Dithmenos's third power
  7679 | D:10     | Found a glowing golden altar of the Shining One.
  7826 | D:10     | Reached skill level 10 in Unarmed Combat
  7850 | D:10     | Reached skill level 1 in Shields
  8011 | D:10     | Found Berigg's Gadget Shop.
  8016 | D:10     | Reached skill level 1 in Throwing
  8319 | D:10     | Killed an unseen horror
  8757 | D:11     | Found Femmagi's Antique Armour Boutique.
  8759 | D:11     | Noticed Josephine
  8782 | D:11     | Reached skill level 1 in Invocations
  8791 | D:11     | Reached skill level 1 in Evocations
  8807 | D:11     | Killed Josephine
  8831 | D:11     | Bought a pair of embroidered gloves for 108 gold pieces
  8908 | D:11     | Noticed a hill giant
  8930 | D:11     | Killed a hill giant
  8938 | D:11     | Noticed Nergalle
  8983 | D:11     | Killed Nergalle
  8983 | D:11     | Reached skill level 5 in Shields
  9137 | D:11     | Acquired Dithmenos's fourth power
  9233 | D:11     | Gained mutation: You regenerate. [Vine Stalker growth]
  9233 | D:11     | Reached XP level 12. HP: 62/62 MP: 15/15
  9424 | D:11     | Found a staircase to the Orcish Mines.
  9892 | D:11     | Got a spiked buckler
  9903 | D:11     | Identified the +3 buckler "Mirov" {*Corrode +Blink rCorr Dex+3} (You found it on level 11 of the Dungeon)
 10100 | Lair:1   | Entered Level 1 of the Lair of Beasts
 10110 | Lair:1   | Noticed Gastronok
 10130 | Lair:1   | Killed Gastronok
 10346 | Lair:1   | Reached skill level 5 in Invocations
 10515 | Lair:1   | Reached skill level 5 in Evocations
 10635 | Lair:1   | Found a sacrificial altar of Ru.
 10663 | Lair:1   | Noticed an eight-headed hydra
 11470 | Lair:3   | Noticed a six-headed hydra
 11484 | Lair:3   | Killed a six-headed hydra
 12359 | Lair:4   | Reached XP level 13. HP: 66/66 MP: 19/19
 12390 | Lair:4   | Reached skill level 5 in Throwing
 12936 | Lair:4   | Noticed a four-headed hydra
 12944 | Lair:4   | Killed a four-headed hydra
 13467 | Lair:5   | Found a hole to the Spider Nest.
 13833 | Lair:5   | Found a staircase to the Swamp.
 14080 | Lair:6   | Reached skill level 11 in Stealth
 14125 | Lair:6   | Noticed Kirke
 14142 | Lair:6   | Killed Kirke
 14431 | Lair:6   | HP: 2/67 [eight-headed hydra (9)]
 14431 | Lair:6   | Mangled by an eight-headed hydra

Vault maps used:
D:1:      saegor_arrival_miasma, minivault_23
D:2:      ecumenical_altar_1, first_bread, hex_intersection, uniq_jessica,
          uniq_crazy_yiuf_cottage
D:3:      zin_treasury, led_sif_pool, yredelemnul_forgotten_temple_becter,
          elyvilon_altar_4, guppyfry_early_lair_pool
D:5:      serial_glass, glass_columns_c, glass_columns_b, serial_bayou_lake_a
D:6:      lemuel_crystal_altar, lemuel_temple_firewalk_marked, uniq_duvessa
D:7:      grunt_ogre_cave
D:8:      nicolae_overflow_hidden_temple, david_lair_generic
D:9:      lightli_temple_of_fire
D:10:     serial_shops, shop_fountains, tso_metal_star
D:11:     david_orc_4, serial_shops, nicolae_shop_statue_plus, uniq_nergalle,
          uniq_josephine
Temple:   oiseaux_autumnal_temple_12
Lair:1:   basic_altar, uniq_gastronok
Lair:3:   grunt_megastairs_2, lemuel_fruit_tree
Lair:4:   st_stairs_10, grunt_megastairs_3
Lair:5:   minmay_swamp_entry_swarm, nicolae_spider_entry_non_spiders,
          st_stairs_8, dpeg_oklob_1
Lair:6:   uniq_kirke

Action                   |  1- 3 |  4- 6 |  7- 9 | 10-12 | 13-15 || total
-------------------------+-------+-------+-------+-------+-------++-------
Melee: Unarmed           |    66 |   139 |   349 |   780 |   259 ||  1593
 Fire: Blowgun           |       |       |       |    16 |     4 ||    20
Invok: Shadow Step       |       |       |       |       |     4 ||     4
Evoke: Wand              |       |       |       |     7 |    12 ||    19
  Use: Potion            |     2 |     4 |     7 |     4 |       ||    17
       Scroll            |     1 |     6 |     4 |    14 |     4 ||    29
 Stab: Sleeping          |     5 |     7 |    13 |    44 |    17 ||    86
       Distracted        |       |       |     1 |     6 |     1 ||     8
  Eat: Beef jerky        |       |     2 |       |     3 |     4 ||     9
       Bread ration      |       |     1 |     2 |     3 |       ||     6
       Chunk             |       |       |     1 |     2 |       ||     3
       Royal jelly       |       |       |       |     1 |       ||     1
       Pizza             |       |       |       |     1 |     1 ||     2
